 Dungeon Crawl Stone Soup version 0.30.1-9-gdf580d7c3d (webtiles) character file.

Game seed: 16754693216205716634

70 Ijustatesigmund the Digger (level 4, -4/26 HPs)
             Began as a Gargoyle Earth Elementalist on Oct 12, 2023.
             Slain by Terence
             ... wielding a +0 short sword
              (5 damage)
             ... on level 2 of the Dungeon.
             The game lasted 00:02:59 (1510 turns).

Ijustatesigmund the Digger (GrEE)                   Turns: 1510, Time: 00:03:00

Health: -4/26      AC:  6    Str: 11    XL:     4   Next: 22%
Magic:  1/8        EV: 11    Int: 18    God:
Gold:   99         SH:  0    Dex: 10    Spells: 7/8 levels left

rFire   . . .        (no weapon)
rCold   . . .        (no shield)
rNeg    + . .        a - +0 robe
rPois   ∞            (no helmet)
rElec   +            (no cloak)
rCorr   .            (no gloves)
SInv    .            f - +0 pair of boots
Will    .....        (no amulet)
Stlth   ++           (no ring)
HPRegen 0.24/turn    (no ring)
MPRegen 0.11/turn

%: no passive effects
@: very slightly contaminated
A: sickness immunity, AC +3, negative energy resistance 1, electricity
resistance, torment resistance 1, petrification resistance
a: no special abilities


You were on level 2 of the Dungeon.
You visited 1 branch of the dungeon, and saw 2 of its levels.

You collected 99 gold pieces.

Inventory:

Armour
 a - a +0 robe (worn)
 f - a +0 pair of boots (worn)
Scrolls
 c - a scroll of teleportation {unknown}
 d - a scroll of vulnerability {unknown}
 e - a scroll of magic mapping {unknown}
Potions
 b - a potion of magic


   Skills:
 + Level 2.2 Fighting
 - Level 1.5 Dodging
 - Level 2.1 Stealth
 + Level 2.8 Spellcasting
 - Level 0.7 Transmutations
 + Level 4.5 Earth Magic


You had 7 spell levels left.
You knew the following spells:

 Your Spells              Type           Power      Damage    Failure   Level
a - Sandblast             Erth           36%        2d10      2%          1

Your spell library contained the following spells:

 Spells                   Type           Power      Damage    Failure   Level
 Passwall                 Tmut/Erth      9%         N/A       9%          2
 Apportation              Tloc           4%         N/A       17%         1
 Necrotise                Necr           8%         1d4       17%         1
 Summon Small Mammal      Summ           8%         N/A       17%         1
 Stone Arrow              Conj/Erth      20%        3d8       21%         3
 Ozocubu's Armour         Ice            2%         N/A       45%         3
 Petrify                  Tmut/Erth      11%        N/A       50%         4
 Metabolic Englaciation   Hex/Ice        1%         N/A       99%         5
 Simulacrum               Ice/Necr       1%         N/A       100%        6


Dungeon Overview and Level Annotations

Branches:
Dungeon (2/15)

Altars:

Annotations:
D:2 Terence


Innate Abilities, Weirdness & Mutations

You are immune to sickness and miasma.
Your stone body is resilient. (AC +3)
You are immune to poison.
You resist negative energy. (rN+)
You are resistant to electric shocks. (rElec)
You are resistant to unholy torment.
You are immune to petrification.


Message History

The blast of sand hits Terence!
Terence is almost dead.
Terence barely misses you. Terence completely misses you.
Your magical contamination has completely faded away.
Casting: Sandblast (safe; 2% risk of failure)
Confirm with . or Enter, or press ? or * to list all spells.
Aiming: Sandblast (safe; 2% risk of failure)
Press: ? - help, Shift-Dir - straight line, f/p - Terence
Aim: Terence, wielding a +0 short sword and wearing a +0 scale mail (almost dead, 84% to hit)
The blast of sand hits Terence but does no damage.
Terence is almost dead.
Terence barely misses you.
Casting: Sandblast (safe; 2% risk of failure)
Confirm with . or Enter, or press ? or * to list all spells.
Aiming: Sandblast (safe; 2% risk of failure)
Press: ? - help, Shift-Dir - straight line, f/p - Terence
Aim: Terence, wielding a +0 short sword and wearing a +0 scale mail (almost dead, 84% to hit)
The blast of sand hits Terence but does no damage.
Terence is almost dead.
Terence hits you with a +0 short sword.
* * * LOW HITPOINT WARNING * * *
Terence hits you with a +0 short sword.
* * * LOW HITPOINT WARNING * * *
Casting: Sandblast (safe; 2% risk of failure)
Confirm with . or Enter, or press ? or * to list all spells.
Aiming: Sandblast (safe; 2% risk of failure)
Press: ? - help, Shift-Dir - straight line, f/p - Terence
Aim: Terence, wielding a +0 short sword and wearing a +0 scale mail (almost dead, 84% to hit)
You miscast Sandblast.
You are very lightly contaminated with residual magic.
Nothing appears to happen.
Terence hits you with a +0 short sword.
* * * LOW HITPOINT WARNING * * *
Okay, then.
You hit Terence but do no damage.
Terence is almost dead.
Terence hits you but does no damage.
You hit Terence but do no damage.
Terence is almost dead.
Terence hits you with a +0 short sword.
You die...

#.#.###.#.###...#########.
#.#.# #.#...'...# #.
#.#...#.#####...# ##
#.###.#.#####...# # #.#
........#'## #
#.#####.####.#.#
#..........#.#
#.###.###..#.#
#......@#..#.#
#####.#@#....#
#.....#.#.#### #.#####.#.#
..#.# ###.# ..# ###


You could see Terence.

Vanquished Creatures
  3 adders (D:2)
  2 worms (D:2)
  A dart slug (D:2)
  3 ball pythons
  A bat (D:1)
  4 endoplasms
  A giant cockroach (D:1)
  4 goblins
  3 hobgoblins
  A quokka (D:2)
  A frilled lizard (D:2)
  7 kobolds
  5 rats
36 creatures vanquished.

Notes
Turn   | Place    | Note
-------+----------+-------------------------------------------
     0 | D:1      | Ijustatesigmund the Gargoyle Earth Elementalist began the
                  | quest for the Orb.
     0 | D:1      | Reached XP level 1. HP: 10/10 MP: 3/3
   174 | D:1      | Reached XP level 2. HP: 15/16 MP: 1/5
   272 | D:1      | Reached skill level 1 in Fighting
   342 | D:1      | Reached skill level 4 in Earth Magic
   795 | D:2      | Reached XP level 3. HP: 20/20 MP: 3/6
  1068 | D:2      | Reached XP level 4. HP: 25/26 MP: 3/8
  1495 | D:2      | Noticed Terence
  1508 | D:2      | HP: 1/26 [Terence/+0 short sword (5)]
  1510 | D:2      | Slain by Terence

Illustrated notes

Levels and vault maps discovered:
D:1:      dpeg_arrival_rhombus, layout_rooms
D:2:      layout_basic, uniq_terence

Skill      XL: |  1  2  3 |
---------------+----------+-----
Fighting       | 1 2 |  2.2
Earth Magic    | 4 |  4.5
Dodging        | |  1.5
Stealth        | |  2.1
Spellcasting   | |  2.8
Transmutations | |  0.7

Action                     |  1- 3 |  4- 6 || total
---------------------------+-------+-------++-------
  Melee: Unarmed           |       |     5 ||     5
   Cast: Sandblast         |    43 |    18 ||    61
 Armour: Robe              |     1 |     5 ||     6
  Dodge: Dodged            |    10 |     5 ||    15
